 Dungeon Crawl Stone Soup version 0.14-a0-736-g2a71271 (webtiles) character file.

98 JacquesDerrida the Chiller (level 3, -1/24 HPs)
             Began as a Demonspawn Ice Elementalist on Nov 7, 2013.
             Slain by Jessica
             ... wielding a +5,+5 dagger of electrocution
              (12 damage)
             ... on Level 2 of the Dungeon.
             The game lasted 00:02:37 (998 turns).

JacquesDerrida the Chiller (DsIE)                    Turns: 998, Time: 00:02:37

HP  -1/24        AC  4     Str  9      XL: 3   Next: 50%
MP   1/5         EV 12     Int 16      God:
Gold 50          SH  2     Dex 13      Spells:  1 memorised,  3 levels left

Res.Fire  : . . .   See Invis. : .   p - +3,+1 dwarf hand axe (flame)
Res.Cold  : . . .   Warding    : .   a - +0 robe
Life Prot.: . . .   Conserve   : .   (no shield)
Res.Poison: .       Res.Corr.  : .   (no helmet)
Res.Elec. : .       Clarity    : .   (no cloak)
Sust.Abil.: . .     Spirit.Shd : .   (no gloves)
Res.Mut.  : .       Stasis     : .   (no boots)
Res.Rott. : .       Flight     : .   (no amulet)
Saprovore : . . .                    (no ring)
                                     f - ring of wizardry

@: not resistant to hostile enchantments, fairly stealthy
A: AC +2, SH +2
a: no special abilities


You were on level 2 of the Dungeon.
You were not hungry.

You visited 1 branch of the dungeon, and saw 2 of its levels.

You collected 50 gold pieces.

Inventory:

Hand weapons
 p - a +3,+1 dwarven hand axe of flaming (weapon)
Missiles
 l - 3 tomahawks (quivered)
Armour
 a - a +0 robe (worn)
Comestibles
 c - 3 bread rations
 i - 2 meat rations
 j - a choko
 q - a chunk of goblin flesh
 r - a chunk of adder flesh
Scrolls
 d - 3 scrolls of recharging {unknown}
 e - a scroll of identify {unknown}
 h - a scroll of curse jewellery {unknown}
 k - a scroll of fear {unknown}
 n - a scroll of teleportation {unknown}
Jewellery
 f - a ring of wizardry (left hand)
 o - a +2 ring of protection {unknown}
Potions
 g - 2 potions of magic {unknown}
 m - 2 potions of heal wounds {unknown}
Books
 b - a book of Frost

   Spells                             Type                      Level
   *Freeze                            Ice                          1
   Throw Frost                        Conjuration/Ice              2
   Ozocubu's Armour                   Charms/Ice                   3
   Throw Icicle                       Conjuration/Ice              4
   Summon Ice Beast                   Ice/Summoning                4
   Condensation Shield                Ice                          4


   Skills:
 - Level 1.7 Dodging
 - Level 1.7 Stealth
 - Level 1.0 Spellcasting
   Level 1.0 Conjurations
 + Level 4.1 Ice Magic


You had 3 spell levels left.
You knew the following spells:

 Your Spells              Type           Power        Failure   Level  Hunger
a - Freeze                Ice            ##..         2%          1    ##.....


Dungeon Overview and Level Annotations

Branches:
Dungeon (2/27)

Altars:

Annotations:
D:2 Jessica


Innate Abilities, Weirdness & Mutations

You are partially covered in large bone plates (AC +2, SH +2).


Message History

You can't see any susceptible monsters within range! (Use Z to cast anyway.) Jessica closely misses you.
Casting: Freeze
Confirm with . or Enter, or press ? or * to list all spells.
Aiming: Freeze
Press: ? - help, Shift-Dir - straight line, f - Jessica
Aim: Jessica, wielding a glowing dagger and wearing a robe You freeze Jessica.
Jessica is moderately wounded.
Jessica hits you with a glowing dagger.
Casting: Freeze
Confirm with . or Enter, or press ? or * to list all spells.
Aiming: Freeze
Press: ? - help, Shift-Dir - straight line, f/p - Jessica
Aim: Jessica, wielding a glowing dagger and wearing a robe (moderately wounded)
You freeze Jessica.
Jessica is heavily wounded.
Jessica hits you with a glowing dagger.
You are electrocuted!
Ouch! That really hurt!
You die...

#.....#. #...).#.
#.....#.
###########.......
#.....%...........
#.#########.......
#.# #.....#.
#.#### #######.
#@...# . #@...#
#....# #(...#
#....# #....#
#....# #....# #..


You could see Jessica.

Vanquished Creatures
  2 adders (D:2)
  A worm (D:2)
  A giant cockroach (D:1)
  3 hobgoblins (D:1)
  A kobold (D:1)
  A quokka (D:2)
  A ball python (D:2)
  3 bats (D:1)
  3 giant newts (D:1)
  5 goblins
  2 rats (D:1)
23 creatures vanquished.

Notes
Turn   | Place    | Note
--------------------------------------------------------------
     0 | D:1      | JacquesDerrida, the Demonspawn Ice Elementalist, began the quest for the Orb.
     0 | D:1      | Reached XP level 1. HP: 13/13 MP: 3/3
    83 | D:1      | Reached skill level 3 in Ice Magic
   270 | D:1      | Gained mutation: You are partially covered in large bone plates (AC +2, SH +2). [demonic ancestry]
   270 | D:1      | Reached XP level 2. HP: 17/19 MP: 0/4
   923 | D:2      | Reached XP level 3. HP: 18/24 MP: 0/5
   977 | D:2      | Reached skill level 4 in Ice Magic
   993 | D:2      | Noticed Jessica
   998 | D:2      | Slain by Jessica

Action                   || total
-------------------------++-------
Melee: Unarmed           ||     6
       Hand axe          ||     2
 Cast: Freeze            ||    45
